 Dungeon Crawl Stone Soup version 0.20-a0-655-g4bc97ff (webtiles) character file.

11669 Amciq the Protected (level 11, -2/151 HPs)
             Began as a Minotaur Fighter on Feb 16, 2017.
             Was a High Priest of Makhleb.
             Slain by a wolf (4 damage)
             ... on level 1 of the Lair of Beasts.
             The game lasted 00:40:26 (9405 turns).

Amciq the Protected (Minotaur Fighter)              Turns: 9405, Time: 00:40:26

Health: -2/151     AC: 25    Str: 22    XL:     11   Next: 52%
Magic:  15/15      EV:  2    Int:  5    God:    Makhleb [*****.]
Gold:   525        SH:  0    Dex: 14    Spells: 10/10 levels left

rFire    . . .     SeeInvis .   A - +3 whip (flame)
rCold    + . .     Gourm    .   (armour currently unavailable)
rNeg     + + +     Faith    +   c - +0 shield
rPois    +         Spirit   .   (helmet currently unavailable)
rElec    .         Reflect  .   (cloak currently unavailable)
rCorr    .         Harm     .   (gloves currently unavailable)
MR       .....     NoTele   +   (boots currently unavailable)
Stlth    +.........             I - amulet of faith
Regen    0.4/turn               D - +2 ring of dexterity
MPRegen  0.2/turn               s - ring of protection from cold

@: tree-form, petrifying (expiring), very slow
A: (retaliatory headbutt), (horns 0), (large bone plates 0), high mp 1, wild
magic 1
a: Minor Destruction, Lesser Servant of Makhleb, Major Destruction, Greater
Servant of Makhleb, Renounce Religion


You were on level 1 of the Lair of Beasts.
You worshipped Makhleb.
Makhleb was extremely pleased with you.
You were not hungry.
You were a tree.
You visited 2 branches of the dungeon, and saw 12 of its levels.

You collected 525 gold pieces.

Inventory:

Hand Weapons
 A - a +3 whip of flaming (weapon)
 L - a +0 dire flail
Armour
 b - a scarf of cold resistance (melded)
 c - a +0 shield (worn)
 h - a +0 plate armour (melded)
 B - a +0 pair of gloves (melded)
Jewellery
 a - an uncursed ring of poison resistance {unknown}
 k - a +6 ring of intelligence
 s - a ring of protection from cold (left branch)
 w - an uncursed ring of protection from magic
 D - a +2 ring of dexterity (right branch)
 I - an amulet of faith (around neck)
 J - an uncursed ring of stealth {unknown}
Wands
 v - a wand of confusion (41/48)
 x - a wand of flame (25/48)
 y - a wand of random effects (17/48)
 E - a wand of iceblast (7/15)
 G - a wand of confusion (24/48)
 K - a wand of polymorph (9/24)
Scrolls
 e - 3 scrolls of identify
 i - a scroll of enchant armour
 l - 5 scrolls of teleportation
 n - 2 scrolls of fog
 q - 2 scrolls of recharging
 C - 5 scrolls of remove curse
 F - 3 scrolls of amnesia
 H - a scroll of fear
 N - a scroll of holy word
Potions
 j - 2 potions of flight
 m - 3 potions of resistance
 o - a potion of cancellation
 p - 3 potions of ambrosia
 u - a potion of haste
Comestibles
 f - 7 bread rations
 g - 3 meat rations
 r - 11 royal jellies
 t - 7 fruits
 O - 4 chunks of flesh


   Skills:
 * Level 10.3 Fighting
 * Level 10.4 Maces & Flails
 * Level 10.6 Armour
 + Level 6.4 Dodging
 * Level 10.2 Shields
 + Level 5.7 Invocations


You had 10 spell levels left.
You didn't know any spells.

Dungeon Overview and Level Annotations

Branches:
Dungeon (11/15)            Temple (0/1) D:7            Lair (1/6) D:9
    Orc: D:9-12

Altars:
Ashenzari
Elyvilon
Makhleb
Nemelex Xobeh
Okawaru
Ru
Sif Muna
Trog
Uskayaw
Vehumet
Xom
Yredelemnul
The Shining One

Shops:
D:5 (   D:7 =}%

Portals:
Trove: D:10 (lose all piety)


Innate Abilities, Weirdness & Mutations

((You reflexively headbutt those who attack you in melee.))
((You have a pair of horns on your head.))
((You are partially covered in large bone plates. (SH +4)))
You have an increased reservoir of magic. (+10% MP)
Your spells are a little harder to cast, but a little more powerful.


Message History

You closely miss the basilisk.
The basilisk is almost dead.
The basilisk seems less drained.
The wolf stops to sniff the ground.
The wolf bites you but does no damage. x2; The wolf bites you.
The wolf bites you but does no damage. The basilisk bites you!
* * * LOW HITPOINT WARNING * * *
The wolf bites you but does no damage.
You hit the basilisk but do no damage.
The basilisk is almost dead.
The wolf bites you but does no damage. The wolf bites you.
The wolf bites you but does no damage. The wolf bites you!
* * * LOW HITPOINT WARNING * * *
The basilisk gazes at you. You resist with some effort.
The wolf bites you but does no damage. x2
The wolf bites you.
Your limbs are stiffening.
You closely miss the basilisk.
The basilisk is almost dead.
The wolf bites you.
You die...

#.##.##.. #.........
#........h.
#.......♣h.
#.......%h%.
........♣...
##h#.#....♣%.
#hh./..#....
#♣hh......♣♣♣
#hl....#....♣
#..........+
#......#...#
#......#...#...
##..........#...
#.......#.......
...#.......#.....###.
...#######.#..........


You could see a basilisk and 6 wolves.

Vanquished Creatures
  A two-headed ogre (D:11)
  Pikel (D:4)
  An ugly thing (D:10)
  2 spiny frogs (Lair:1)
  A komodo dragon (Lair:1)
  A queen bee (D:9)
  Grinder (D:3)
  2 hippogriffs (D:9)
  3 wyverns
  6 yaks (Lair:1)
  A basilisk (Lair:1)
  2 steam dragons
  A hungry ghost (D:9)
  Duvessa (D:5)
  A porcupine (D:9)
  A water moccasin (Lair:1)
  6 orc warriors
  A slave (D:4)
  3 black bears (D:9)
  3 ice beasts
  3 sky beasts
  An ogre (D:6)
  A phantom (D:10)
  18 wolves (Lair:1)
  3 centaurs
  A big kobold (D:9)
  2 crocodiles (Lair:1)
  Blork the orc (D:5)
  3 bullfrogs
  Dowan (D:5)
  5 scorpions
  16 killer bees
  8 wights
  3 howler monkeys
  An electric eel (D:11)
  3 crimson imps
  A centaur zombie (D:10)
  A jelly (D:8)
  A centaur skeleton (D:6)
  8 orc priests
  3 hounds
  9 orc wizards
  A bullfrog skeleton (D:8)
  4 iguanas
  3 worker ants
  A killer bee zombie (D:9)
  A hound skeleton (D:4)
  4 gnolls (D:9)
  8 adders
  2 shadow imps
  2 oozes
  5 worms
  A dart slug (D:2)
  3 leopard geckos
  30 orcs
  3 ball pythons
  11 bats
  3 giant cockroaches
  6 goblins
  7 hobgoblins
  14 jackals
  7 kobolds
  4 quokkas
  A ball python zombie (D:5)
  8 frilled lizards
  A giant cockroach zombie (D:8)
  A leopard gecko zombie (D:6)
  A quokka skeleton (D:6)
  A quokka zombie (D:3)
  6 rats
271 creatures vanquished.

Vanquished Creatures (others)
  A leopard gecko (D:5)
  A fungus (Lair:1)
2 creatures vanquished.

Grand Total: 273 creatures vanquished

Notes
Turn   | Place    | Note
-------+----------+-------------------------------------------
     0 | D:1      | Amciq the Minotaur Fighter began the quest for the Orb.
     0 | D:1      | Reached XP level 1. HP: 19/19 MP: 0/0
    79 | D:1      | Reached XP level 2. HP: 19/27 MP: 1/1
   795 | D:1      | Reached XP level 3. HP: 32/33 MP: 2/2
  1094 | D:2      | Reached XP level 4. HP: 23/41 MP: 3/3
  1524 | D:3      | Found a basalt altar of Yredelemnul.
  1747 | D:3      | Found a burning altar of Makhleb.
  1753 | D:3      | Became a worshipper of Makhleb the Destroyer
  1846 | D:3      | Found a radiant altar of Vehumet.
  2088 | D:4      | Reached XP level 5. HP: 45/47 MP: 4/4
  2114 | D:4      | Noticed an orc warrior
  2125 | D:4      | Killed an orc warrior
  2125 | D:4      | Reached skill level 5 in Armour
  2125 | D:4      | Reached skill level 1 in Invocations
  2387 | D:4      | Reached XP level 6. HP: 55/55 MP: 5/5
  2437 | D:4      | Noticed Grinder
  2462 | D:3      | Paralysed by Grinder for 4 turns
  2471 | D:3      | Killed Grinder
  2471 | D:3      | Reached skill level 5 in Fighting
  2471 | D:3      | Reached skill level 1 in Dodging
  2471 | D:3      | Reached skill level 5 in Shields
  2826 | D:4      | Reached XP level 7. HP: 55/61 MP: 7/7
  2832 | D:4      | Reached skill level 5 in Maces & Flails
  3369 | D:5      | Entered Level 5 of the Dungeon
  3377 | D:5      | Reached * piety under Makhleb
  3504 | D:5      | Found a basalt altar of Yredelemnul.
  3556 | D:5      | Noticed Dowan
  3557 | D:5      | Noticed Duvessa
  3595 | D:5      | Killed Duvessa
  3599 | D:5      | Killed Dowan
  3624 | D:5      | Noticed Blork the orc
  3635 | D:5      | Killed Blork the orc
  3655 | D:5      | Found a bloodstained altar of Trog.
  3800 | D:5      | Noticed Pikel
  4096 | D:4      | Killed Pikel
  4096 | D:4      | Reached XP level 8. HP: 60/71 MP: 7/9
  4177 | D:5      | Found a shimmering altar of Xom.
  4288 | D:5      | Found Urut's Antique Weapon Shoppe.
  4561 | D:6      | Found a white marble altar of Elyvilon.
  4975 | D:6      | Reached ** piety under Makhleb
  5067 | D:6      | Found a sparkling altar of Nemelex Xobeh.
  5079 | D:6      | Reached XP level 9. HP: 79/79 MP: 10/10
  5335 | D:6      | Found a hide-covered altar of Uskayaw.
  5338 | D:6      | Found a shattered altar of Ashenzari.
  5341 | D:6      | Found a shimmering altar of Xom.
  5393 | D:7      | Found Gudiss's Gadget Boutique.
  5498 | D:7      | Found a staircase to the Ecumenical Temple.
  5828 | D:7      | Found Avuafo's Jewellery Shoppe.
  5828 | D:7      | Found an iron altar of Okawaru.
  5845 | D:7      | Gained mutation: Your spells are a little harder to cast, but a little more powerful. [potion of mutation]
  5845 | D:7      | Gained mutation: You have an increased reservoir of magic. (+10% MP) [potion of mutation]
  5845 | D:7      | Gained mutation: You are partially covered in large bone plates. (SH +4) [potion of mutation]
  5973 | D:7      | Found a deep blue altar of Sif Muna.
  5987 | D:7      | Found Muvar's Food Emporium.
  5990 | D:7      | Found a sacrificial altar of Ru.
  6405 | D:8      | Reached *** piety under Makhleb
  6547 | D:8      | Found a glowing golden altar of the Shining One.
  6946 | D:9      | Noticed a queen bee
  6963 | D:9      | Killed a queen bee
  6963 | D:9      | Reached XP level 10. HP: 81/90 MP: 13/13
  7072 | D:9      | Reached **** piety under Makhleb
  7319 | D:9      | Reached skill level 5 in Dodging
  7400 | D:9      | Found a staircase to the Lair.
  7749 | D:10     | Entered Level 10 of the Dungeon
  7794 | D:10     | Reached skill level 5 in Invocations
  7845 | D:10     | Found a portal to a secret trove of treasure.
  8212 | D:10     | Reached ***** piety under Makhleb
  8291 | D:11     | Noticed a two-headed ogre
  8309 | D:11     | Killed a two-headed ogre
  8309 | D:11     | Reached XP level 11. HP: 71/99 MP: 15/15
  8558 | D:11     | Noticed a white ugly thing
  8562 | D:11     | Noticed a cyan ugly thing
  8571 | D:11     | Noticed a cyan ugly thing
  8575 | D:11     | Noticed a purple ugly thing
  8590 | D:11     | Noticed a green ugly thing
  8601 | D:10     | Killed a cyan ugly thing
  8601 | D:10     | Reached skill level 10 in Armour
  8996 | Lair:1   | Entered Level 1 of the Lair of Beasts
  9140 | Lair:1   | Reached skill level 10 in Maces & Flails
  9155 | Lair:1   | Reached skill level 10 in Fighting
  9208 | Lair:1   | Reached skill level 10 in Shields
  9398 | Lair:1   | HP: 4/101 [wolf (2)]
  9403 | Lair:1   | HP: 5/151 [basilisk (6)]
  9404 | Lair:1   | HP: 2/151 [wolf (4)]
  9405 | Lair:1   | Slain by a wolf

Vault maps used:
D:1:      evilmike_arrival_run_for_it
D:2:      kennysheep_pointless_box, minivault_5
D:3:      yredelemnul_altar_generic, lemuel_round_altar, old_standard_altar,
          serial_glass, glass_columns_a, glass_columns_b, minmay_misc_feat_five
D:4:      first_bread, uniq_grinder
D:5:      serial_shops, nicolae_shop_waterfront, basic_altar,
          kennysheep_diamond, trog_butcher_becter, uniq_blork_the_orc,
          uniq_duvessa, uniq_pikel
D:6:      lemuel_doored_altar, nemelex_xobeh_ov_fountains_minmay,
          grunt_temple_overflow_diamond
D:7:      nicolae_ru_path_of_blood, kennysheep_mini_moat,
          overflow_temple_1_default, minmay_temple_entry_grid, serial_shops,
          shop, nicolae_shop_trees, shop
D:8:      kennysheep_mini
D:9:      lemuel_ice_spiral_2, grunt_lair_entry_orc_guard_hut, david_nohive_1
D:10:     enter_trove_2
D:11:     cheibrodos_breeding_chamber, kennysheep_orc_monster_closet_entryway,
          serial_shops, shop, lightli_minifort
Lair:1:   nicolae_volcano_entry_vermiform, grunt_forest_large_clearings

Skill      XL: |  1  2  3  4  5  6  7  8  9 10 11 |
---------------+----------------------------------+-----
Armour         | 4 5 6 7 8 9 10 | 10.6
Maces & Flails | 3 4 6 7 8 9 10 | 10.4
Fighting       | 4 5 6 7 8 9 10 | 10.3
Shields        | 4 5 6 7 8 9 10 | 10.2
Invocations    | 1 2 3 4 5 |  5.7
Dodging        | 1 2 3 4 5 6 |  6.4

Action                   |  1- 3 |  4- 6 |  7- 9 | 10-12 || total
-------------------------+-------+-------+-------+-------++-------
Melee: Flail             |    91 |   113 |   122 |       ||   326
       Headbutt          |    13 |    22 |    84 |   115 ||   234
       Whip              |       |       |   363 |   502 ||   865
Invok: Minor Destruction |       |       |     3 |       ||     3
       Major Destruction |       |       |       |     1 ||     1
  Use: Scroll            |     4 |     3 |     9 |     4 ||    20
       Potion            |     1 |     2 |     1 |     4 ||     8
  Eat: Chunk             |     1 |     4 |    13 |     9 ||    27
       Royal jelly       |       |       |     1 |       ||     1
       Fruit             |       |       |       |     1 ||     1
Armor: Scale mail        |    38 |    35 |       |       ||    73
       Plate armour      |       |    15 |   224 |   210 ||   449
       Skin              |       |       |       |    16 ||    16
Dodge: Dodged            |    24 |    37 |   108 |   126 ||   295
Block: Shield            |    48 |    64 |   297 |   383 ||   792
